 Dungeon Crawl Stone Soup version 0.27.1 (webtiles) character file.

Game seed: 11316976453291003972

458 ABBCCCDDDD the Poker (level 7, -1/69 HPs)
             Began as an Octopode Chaos Knight on Sept 1, 2021.
             Was a Plaything of Xom.
             Succumbed to an adder's poison
             ... in a sewer.
             The game lasted 00:07:16 (1643 turns).

ABBCCCDDDD the Poker (Octopode Chaos Knight)        Turns: 1643, Time: 00:07:17

Health: -1/69      AC:  2    Str: 12    XL:     7   Next: 6%
Magic:  7/9        EV: 14    Int: 16    God:    Xom [.*....]
Gold:   67         SH:  0    Dex: 11    Spells: 9/9 levels left

rFire    . . .     SeeInvis .   h - +0 spear
rCold    . . .     Faith    .   (no shield)
rNeg     . . .     Spirit   .   f - +1 hat
rPois    .         Reflect  .   (no amulet)
rElec    .         Harm     .   (no ring)
rCorr    .         Rampage  .   (no ring)
Will     .....                  (no ring)
Stlth    ..........             (no ring)
HPRegen  0.21/turn              (no ring)
MPRegen  0.11/turn              (no ring)
                                (no ring)
                                (no ring)

@: berserking (expiring), lethally poisoned (-1 -> -8), very quick
A: almost no armour, amphibious, 8 rings, camouflage 1, gelatinous body 1,
nimble swimmer 1, tentacles, sense surroundings 1
a: Renounce Religion


You were in a sewer.
You worshipped Xom.
You were a plaything of Xom.
You visited 1 branch of the dungeon, and saw 3 of its levels.
You also visited: Sewer.

You collected 67 gold pieces.

Inventory:

Hand Weapons
 a - a +0 spear of chaos
 h - a +0 spear (weapon)
Armour
 f - a +1 hat (worn)
Jewellery
 e - an amulet of faith
Scrolls
 c - 2 scrolls of holy word {unknown}
 j - a scroll of teleportation {unknown}
Potions
 d - a potion of flight {unknown}
 g - a potion of might {unknown}
 i - a potion of curing {unknown}


   Skills:
 + Level 3.6 Fighting
 - Level 5.4 Polearms
 + Level 4.5 Dodging
 - Level 3.0 Stealth
 + Level 1.5 Spellcasting


You had 9 spell levels left.
You didn't know any spells.
Your spell library contained the following spells:

 Spells                   Type           Power      Damage    Failure   Level
 Dazzling Flash           Conj/Hex       2%         N/A       54%         3
 Iskenderun's Mystic Bla  Conj/Tloc      1%         2d3       91%         4
 Agony                    Necr           1%         N/A       99%         5
 Silence                  Hex/Air        0%         N/A       99%         5
 Starburst                Conj/Fire      0%         6d3       100%        6


Dungeon Overview and Level Annotations

Branches:
Dungeon (3/15)              Sewer (1/1)

Altars:
Qazlal
Xom


Innate Abilities, Weirdness & Mutations

You cannot wear most types of armour.
You are amphibious.
You can wear up to eight rings at the same time.
Your skin changes colour to match your surroundings (Stealth+).
Your rubbery body absorbs attacks. (AC +1, EV +1)
You are camouflaged near water. (Stealth+)
You have tentacles for arms and can constrict up to eight enemies at once.
You passively map a small area around you.


Message History

You are lethally poisoned!
The adder poisons you!
You hit the killer bee.
You kill the killer bee!
The adder returns to its original shape as it dies.
* * * LOW HITPOINT WARNING * * *
You feel very sick. The giant cockroach bites you.
* * * LOW HITPOINT WARNING * * *
You have reached level 7!
You puncture the adder!
You kill the adder!
* * * LOW HITPOINT WARNING * * *
You feel sick.
You closely miss the giant cockroach. Your grab misses the giant cockroach.
You squeeze the giant cockroach.
The giant cockroach is almost dead.
* * * LOW HITPOINT WARNING * * *
You feel sick. The giant cockroach bites you.
* * * LOW HITPOINT WARNING * * *
You hit the giant cockroach.
You kill the giant cockroach!
* * * LOW HITPOINT WARNING * * *
You feel sick.
You are too berserk!
You hit the giant cockroach. You grab the giant cockroach.
You squeeze the giant cockroach.
You kill the giant cockroach!
* * * LOW HITPOINT WARNING * * *
You feel sick.
There is a lethal amount of poison in your body!
* * * LOW HITPOINT WARNING * * *
You feel sick.
You are too berserk!
You are too berserk!
You feel a strong urge to attack something.
* * * LOW HITPOINT WARNING * * *
You feel sick.
You die...
Xom roars with laughter!

.≈≈≈.#≈≈≈≈≈ ≈ .≈≈≈.#
≈≈≈≈ .≈≈≈.# * ≈ .≈≈≈.#
* .≈≈≈.# , ≈≈≈≈≈# #
≈≈≈≈≈################.#
.≈≈≈≈≈≈...≈≈.≈≈≈≈†....#
≈≈≈≈≈≈≈≈≈≈≈≈≈≈≈≈@†≈≈≈.#
≈≈≈≈≈≈≈≈≈≈≈≈≈≈≈≈≈≈≈≈≈.#
≈≈≈≈≈≈≈≈≈≈≈≈≈≈≈≈≈≈≈≈≈.#
≈≈..≈≈......≈≈≈≈≈≈....#
#######################


There were no monsters in sight!

Levels and vault maps discovered:
D:1:      minmay_arrival_jagged, layout_basic
D:2:      kennysheep_six_static_rooms, layout_basic,
          ebering_ecumenical_altar_rust, basic_altar, uniq_terence
D:3:      layout_loops_ring, serial_shops, nicolae_shop_waterfront,
          lightli_sewer_entry_pipes, st_stairs_9
Sewer:    sewer_frog_island_01

Notes
Turn   | Place    | Note
-------+----------+-------------------------------------------
     0 | D:1      | ABBCCCDDDD the Octopode Chaos Knight began the quest for
                  | the Orb.
     0 | D:1      | Reached XP level 1. HP: 16/16 MP: 1/1
    62 | D:1      | Noticed a shapeshifter
    62 | D:1      | a quokka changed into a shapeshifter
    62 | D:1      | Noticed a yaktaur
    62 | D:1      | a shapeshifter changed into a yaktaur
    63 | D:1      | XOM: potion effect (might)
    64 | D:1      | XOM: smoke on damage
    66 | D:1      | Killed a yaktaur
    67 | D:1      | Reached skill level 5 in Polearms
    67 | D:1      | Reached XP level 2. HP: 4/21 MP: 2/2
    67 | D:1      | Reached XP level 3. HP: 5/26 MP: 3/3
    67 | D:1      | Reached XP level 4. HP: 6/31 MP: 4/4
    67 | D:1      | Reached XP level 5. HP: 7/36 MP: 5/5
    67 | D:1      | Reached XP level 6. HP: 8/42 MP: 6/6
   418 | D:1      | XOM: divination: detect creatures
   458 | D:1      | XOM: 5-stop teleportation journey
   766 | D:2      | Found a stormy altar of Qazlal.
   795 | D:2      | You fall into a shaft and drop 1 floor!
   823 | D:3      | XOM: scenery: create altars
   971 | D:3      | XOM: 2-stop teleportation journey
  1149 | D:3      | XOM: give mutation
  1149 | D:3      | Gained mutation: You passively map a small area around you.
                  | [Xom's grace]
  1234 | D:3      | Reached skill level 1 in Spellcasting
  1405 | D:3      | Found a glowing drain.
  1424 | D:3      | XOM: 5-stop teleportation journey
  1484 | Sewer    | Entered a sewer
  1630 | Sewer    | XOM: polymorph adder -> killer bee
  1637 | Sewer    | Reached XP level 7. HP: 13/46 MP: 7/9
  1641 | Sewer    | HP: 2/69 [poisoned by an adder]
  1643 | Sewer    | Succumbed to an adder's poison

Table legend: (Time is in decaauts)
 A = Elapsed time spent in this place.
 B = Non-inter-level travel time spent in this place.
 C = Inter-level travel time spent in this place.
 D = Time resting spent in this place.
 E = Time spent auto-exploring this place.
 F = Levels seen in this place.
 G = Mean time per level.
                   A        B        C        D        E       F      G
               +--------+--------+--------+--------+--------+-----+--------+
         Total |   1613 |   1492 |    121 |    408 |    595 |   4 |  403.2 |
       Dungeon |   1461 |   1340 |    121 |    370 |    573 |   3 |  487.0 |
         Sewer |    152 |    152 |      0 |     38 |     22 |   1 |  152.0 |
               +--------+--------+--------+--------+--------+-----+--------+

Top non-repeatable levels by time:
     D:1: 756 daAuts
     D:3: 671 daAuts
   Sewer: 152 daAuts
     D:2: 33 daAuts

Table legend:
 A = Kills in this place as a percentage of kills in entire the game.
 B = Kills by you in this place as a percentage of kills by you in the entire game.
 C = Kills by friends in this place as a percentage of kills by friends in the entire game.
 D = Other kills in this place as a percentage of other kills in the entire game.
 E = Experience gained in this place as a percentage of experience gained in the entire game.
 F = Experience gained in this place divided by the number of levels of this place that you have seen.
                   A       B       C       D       E      F
               +-------+-------+-------+-------+-------+----------------------
         Total | 100.0 | 100.0 |   N/A |   N/A | 100.0 | 163.8
       Dungeon |  79.7 |  79.7 |   N/A |   N/A |  85.8 | 187.3
         Sewer |  20.3 |  20.3 |   N/A |   N/A |  14.2 |  93.0
               +-------+-------+-------+-------+-------+----------------------

Action                   |  1- 3 |  4- 6 |  7- 9 || total
-------------------------+-------+-------+-------++-------
Melee: Spear             |    20 |   143 |     4 ||   167
       Constrict         |     3 |    23 |     1 ||    27
       Tentacles         |     2 |    18 |     2 ||    22
  Use: Potion            |       |     1 |       ||     1
 Stab: Sleeping          |     1 |    16 |       ||    17
Armor: Skin              |     1 |     6 |       ||     7
Dodge: Dodged            |    11 |    45 |       ||    56

Vanquished Creatures
  A yaktaur (shapeshifter) (D:1)
  A killer bee (Sewer)
  7 adders
  2 river rats (D:3)
  5 worms (D:3)
  2 dart slugs (D:3)
  An orc (D:3)
  7 ball pythons
  A bat (D:1)
  3 endoplasms
  2 giant cockroaches (Sewer)
  2 goblins (D:1)
  4 hobgoblins
  A jackal (D:3)
  7 quokkas
  6 frilled lizards
  2 kobolds
  5 rats (D:3)
59 creatures vanquished.
